 Dungeon Crawl Stone Soup version 0.23.2-1-ga50397a6bc (webtiles) character file.

Game seed: 5267367181893524210

294 MachJacob the Chiller (level 6, -8/45 HPs)
             Began as a Draconian Ice Elementalist on Apr 27, 2019.
             Mangled by an ogre
             ... wielding a +0 giant club
              (19 damage)
             ... on level 4 of the Dungeon.
             The game lasted 00:11:14 (4476 turns).

MachJacob the Chiller (Draconian Ice Elementalist)  Turns: 4476, Time: 00:11:14

Health: -8/45      AC:  6    Str: 10    XL:     6   Next: 11%
Magic:  1/10       EV: 12    Int: 18    God:
Gold:   163        SH:  0    Dex: 11    Spells: 8/11 levels left

rFire    . . .     SeeInvis .   e - +2 short sword (speed)
rCold    . . .     Gourm    .   (no shield)
rNeg     . . .     Faith    .   (armour unavailable)
rPois    .         Spirit   .   (helmet restricted)
rElec    .         Reflect  .   (no cloak)
rCorr    .         Harm     .   (no gloves)
MR       .....                  (no boots)
Stlth    ++........             (no amulet)
HPRegen  0.15/turn              (no ring)
MPRegen  0.12/turn              (no ring)

@: no status effects
A: unfitting armour, cold-blooded, AC +6
a: no special abilities


You were on level 4 of the Dungeon.
You were hungry.

You visited 1 branch of the dungeon, and saw 4 of its levels.

You collected 163 gold pieces.

Inventory:

Hand Weapons
 e - a +2 short sword of speed (weapon)
Jewellery
 g - a cursed ring of teleportation
 l - an uncursed ring of see invisible
 m - a +5 ring of dexterity {unknown}
 n - an uncursed ring of stealth {unknown}
 p - an uncursed ring of see invisible
Scrolls
 f - a scroll of enchant weapon
 i - 2 scrolls of teleportation
 j - a scroll of fog {unknown}
 k - a scroll of magic mapping {unknown}
 q - a scroll of blinking {unknown}
 s - a scroll of remove curse {unknown}
 u - a scroll of amnesia {unknown}
 v - a scroll of identify
Potions
 a - 4 potions of heal wounds {unknown}
 c - a potion of resistance {unknown}
 h - a potion of might {unknown}
 o - a potion of magic {unknown}
 r - a potion of lignification {unknown}
 t - 4 potions of curing {unknown}
 w - a potion of agility {unknown}
Comestibles
 b - 8 rations


   Skills:
 - Level 1.7 Dodging
 - Level 1.7 Stealth
 + Level 3.0 Spellcasting
 + Level 1.1 Conjurations
 * Level 6.3 Ice Magic


You had 8 spell levels left.
You knew the following spells:

 Your Spells              Type           Power        Failure   Level  Hunger
a - Freeze                Ice            ####         1%          1    None
b - Throw Frost           Conj/Ice       ###...       5%          2    ##.....

Your spell library contained the following spells:

 Spells                   Type           Power        Failure   Level  Hunger
 Ozocubu's Armour         Chrm/Ice       ##......     13%         3    ###....
 Animate Skeleton         Necr           N/A          16%         1    None
 Apportation              Tloc           #.....       16%         1    None
 Confusing Touch          Hex            #.....       16%         1    None
 Summon Small Mammal      Summ           #...         16%         1    None
 Throw Icicle             Conj/Ice       ###.....     34%         4    ####...
 Summon Ice Beast         Ice/Summ       ##......     41%         4    ####...


Dungeon Overview and Level Annotations

Branches:
Dungeon (4/15)
 Temple: D:4-7

Altars:
Elyvilon
Okawaru
Yredelemnul


Innate Abilities, Weirdness & Mutations

Your plain brown scales are hard. (AC +6)
You cannot fit into any form of body armour.
You are cold-blooded and may be slowed by cold attacks.


Message History

You barely miss the orc priest.
The orc priest is heavily wounded.
You hit the orc priest but do no damage.
The orc priest is heavily wounded.
The orc priest hits you with a +0 club.
You barely miss the orc priest.
The orc priest is heavily wounded.
The orc priest hits you but does no damage.
You hit the orc priest.
The orc priest is severely wounded.
You hit the orc priest but do no damage.
The orc priest is severely wounded.
The orc priest hits you but does no damage.
The orc priest closely misses you.
You puncture the orc priest!
You kill the orc priest!
The orc priest hits you with a cursed -3 whip!
* * * LOW HITPOINT WARNING * * *
The ogre hits you with a +0 giant club!!
You die...

#.........#...#....
#.........#...#....
#...##.####.###....
############.#......
#........'...#......
#........#...'......
#..).....#...#......
#........#...#......
#..@.....#...#......
#..O.....#...#......
#..o))...#...#......
#####)#####+##......
............#
##.....
............#
.....s.o....#
.......O....#
.......o....+


You could see an ogre and an orc priest.

Vanquished Creatures
  An orc wizard (D:4)
  2 orc priests
  Natasha (thrice) (D:3)
  4 adders
  An ooze (D:2)
  4 worms
  2 dart slugs
  2 leopard geckos
  8 orcs
  3 ball pythons
  3 giant cockroaches
  6 hobgoblins
  10 bats
  3 frilled lizards
  A goblin (D:1)
  13 kobolds
  6 rats
72 creatures vanquished.

Notes
Turn   | Place    | Note
-------+----------+-------------------------------------------
     0 | D:1      | MachJacob the Draconian Ice Elementalist began the quest
                  | for the Orb.
     0 | D:1      | Reached XP level 1. HP: 14/14 MP: 3/3
   392 | D:1      | Reached XP level 2. HP: 20/20 MP: 3/5
   881 | D:1      | Reached skill level 4 in Ice Magic
   936 | D:2      | Found an iron altar of Okawaru.
   976 | D:1      | Reached XP level 3. HP: 11/26 MP: 0/6
  1349 | D:2      | Reached XP level 4. HP: 33/33 MP: 2/7
  1376 | D:2      | Learned a level 2 spell: Throw Frost
  1421 | D:2      | Reached skill level 5 in Ice Magic
  2364 | D:3      | Found a white marble altar of Elyvilon.
  2869 | D:3      | Noticed Natasha
  2885 | D:3      | Killed Natasha
  2885 | D:3      | Reached XP level 5. HP: 17/38 MP: 2/8
  3340 | D:3      | Noticed Natasha
  3363 | D:3      | Killed Natasha
  3617 | D:3      | Noticed Natasha
  3630 | D:3      | Killed Natasha
  3630 | D:3      | Reached skill level 6 in Ice Magic
  4342 | D:4      | Found a basalt altar of Yredelemnul.
  4442 | D:4      | Found the macabre finger necklace {rN+}
  4463 | D:4      | Reached XP level 6. HP: 24/45 MP: 1/10
  4476 | D:4      | Mangled by an ogre

Skill      XL: |  1  2  3  4  5 |
---------------+----------------+-----
Ice Magic      | 4 5 6 |  6.3
Spellcasting   | 3 |  3.0
Dodging        | |  1.7
Stealth        | |  1.7
Conjurations   | |  1.1

Action                   |  1- 3 |  4- 6 || total
-------------------------+-------+-------++-------
Melee: Short sword       |     7 |    13 ||    20
       Tailslap          |     1 |       ||     1
 Cast: Freeze            |    47 |    79 ||   126
       Throw Frost       |       |     6 ||     6
  Use: Scroll            |       |     5 ||     5
  Eat: Chunk             |     1 |    11 ||    12
Armor: Skin              |    11 |    18 ||    29
Dodge: Dodged            |    30 |    24 ||    54
